 Dungeon Crawl Stone Soup version 0.16.2-2-g470672f (webtiles) character file.

165 monobi the Insei (level 5, 0/36 HPs)
             Began as an Octopode Monk on Sept 4, 2015.
             Slain by a hippogriff (7 damage)
             ... on level 4 of the Dungeon.
             The game lasted 00:04:18 (1999 turns).

monobi the Insei (Octopode Monk)                    Turns: 1999, Time: 00:04:18

Health: 0/36       AC:  1    Str: 10    XL:     5   Next: 46%
Magic:  5/5        EV: 13    Int: 13    God:
Gold:   114        SH:  0    Dex: 15    Spells: 0 memorised, 4 levels left

rFire  . . .     SeeInvis .       - Unarmed
rCold  . . .     Clarity  .     (no shield)
rNeg   . . .     SustAb   .     (helmet restricted)
rPois  .         Gourm    .     (no amulet)
rElec  .         Spirit   .     (no ring)
rCorr  .         Warding  .     (no ring)
rMut   .         Stasis   .     (no ring)
MR     .....                    (no ring)
Stlth  ++++......               (no ring)
                                (no ring)
                                (no ring)
                                (no ring)

@: not resistant to hostile enchantments, stealthy
A: almost no armour, amphibious, 8 rings, constrict 8, camouflage 1, gelatinous
body 1
a: no special abilities


You were on level 4 of the Dungeon.
You were near starving.

You visited 1 branch of the dungeon, and saw 4 of its levels.

You collected 114 gold pieces.

Inventory:

Jewellery
 m - a +2 ring of dexterity {unknown}
Scrolls
 a - 3 scrolls of remove curse {unknown}
 d - 3 scrolls of fog {unknown}
 e - 2 scrolls of teleportation {unknown}
 g - a scroll of random uselessness {unknown}
 i - a scroll of enchant weapon {unknown}
 k - 2 scrolls of amnesia {unknown}
 l - a scroll of fear {unknown}
 n - a scroll of identify {unknown}
 o - a scroll of magic mapping {unknown}
Potions
 f - a potion of agility {unknown}
 h - 2 potions of cancellation {unknown}
 q - a potion of heal wounds {unknown}
Comestibles
 b - 4 bread rations
 c - 3 meat rations
 j - 2 beef jerkies


   Skills:
 - Level 3.6 Fighting
 - Level 3.4 Dodging
 + Level 4.6 Stealth
 + Level 5.3 Unarmed Combat


You had 4 spell levels left.
You didn't know any spells.

Dungeon Overview and Level Annotations

Branches:
Dungeon (4/15)
 Temple: D:4-7

Altars:
Ashenzari


Innate Abilities, Weirdness & Mutations

You cannot wear most types of armour.
You are amphibious.
You can wear up to eight rings at the same time.
You can use your tentacles to constrict many enemies at once.
Your skin changes colour to match your surroundings (Stealth).
Your rubbery body absorbs attacks (AC +1).


Message History

You are too injured to fight recklessly!
There are monsters nearby!
There are monsters nearby!
You are too injured to fight recklessly!
There are monsters nearby!
You are too injured to fight recklessly!
You are too injured to fight recklessly!
There are monsters nearby!
You are too injured to fight recklessly!
There are monsters nearby!
You are too injured to fight recklessly!
There are monsters nearby!
You are too injured to fight recklessly!
There are monsters nearby!
You are too injured to fight recklessly!
Drink which item? (? for menu, Esc to quit)
Okay, then.
There is a stone staircase leading up here.
The hippogriff bites you!
You die...

## ##. .. #### ..
#. ##..## #.##
##.. #....###.[.
... #....##..# #..
##....##@.# #.#
####......H.## #.#
.........l#### #.#
..>##....# ##.#
#...l# ###..#
#....# ##...##
...###..## ##..###
..........####.l##
...#####..##..##


You could see a hippogriff and a giant newt.

Vanquished Creatures
  2 orc wizards (D:3)
  4 adders
  A worm (D:2)
  2 oozes
  3 orcs (D:3)
  12 bats
  7 goblins
  8 hobgoblins
  8 kobolds
  2 quokkas (D:2)
  4 giant cockroaches
  8 giant newts
  9 rats
70 creatures vanquished.

Notes
Turn   | Place    | Note
--------------------------------------------------------------
     0 | D:1      | monobi, the Octopode Monk, began the quest for the Orb.
     0 | D:1      | Reached XP level 1. HP: 16/16 MP: 1/1
   106 | D:1      | Reached XP level 2. HP: 10/21 MP: 2/2
   713 | D:1      | Reached XP level 3. HP: 26/26 MP: 3/3
  1299 | D:2      | Reached XP level 4. HP: 24/32 MP: 4/4
  1699 | D:3      | Reached skill level 5 in Unarmed Combat
  1699 | D:3      | Reached XP level 5. HP: 36/36 MP: 5/5
  1849 | D:3      | Found a shattered altar of Ashenzari.
  1972 | D:4      | Noticed a hippogriff
  1999 | D:4      | Slain by a hippogriff

Action                   |  1- 3 |  4- 6 || total
-------------------------+-------+-------++-------
Melee: Unarmed           |    82 |    64 ||   146
 Stab: Sleeping          |     6 |     8 ||    14
  Eat: Fruit             |       |     2 ||     2
